 Dungeon Crawl Stone Soup version 0.22-a0-609-gfedc9ff (webtiles) character file.

396608 kae the Bludgeoner (level 22, 0/206 HPs)
             Began as a Minotaur Fighter on July 10, 2018.
             Was the Champion of Qazlal.
             Slain by a thrashing horror (8 damage)
             ... on level 3 of the Abyss.
             The game lasted 01:17:00 (53410 turns).

kae the Bludgeoner (Minotaur Fighter)              Turns: 53410, Time: 01:17:01

Health: 0/206      AC: 32    Str: 32    XL:     22   Next: 20%
Magic:  29/43      EV: 13    Int:  5    God:    Qazlal [******]
Gold:   4091       SH: 29    Dex: 12    Spells: 21/21 levels left

rFire    + + .     SeeInvis +   F - +11 demon whip "Asackaut" {freeze, rC+ MP+9}
rCold    + + +     Gourm    .   W - +0 large shield (curse)
rNeg     . . .     Faith    .   k - +3 gold dragon scales
rPois    +         Spirit   .   e - +2 hat
rElec    .         Reflect  .   j - scarf {rC+ rF+}
rCorr    .         Harm     .   D - +1 pair of gloves {Str+3}
MR       ++...     Rnd*Tele +   n - +0 pair of boots
Stlth    ..........             a - amulet "Rater" {Acrobat Int+2}
HPRegen  0.00/turn              u - ring of protection from magic
MPRegen  0.28/turn              T - ring of ice

@: protected from fire, non-regenerating, diseased, repel missiles
A: retaliatory headbutt, horns 2, thin skeletal structure 1, see invisible,
deterioration 1, [dopey 2], [inhibited regeneration], [teleportitis 1]
}: 2/15 runes: barnacled, gossamer
a: Upheaval, Elemental Force, Disaster Area, Renounce Religion


You were on level 3 of the Abyss.
You worshipped Qazlal.
Qazlal was exalted by your worship.
You were not hungry.

You visited 7 branches of the dungeon, and saw 38 of its levels.
You visited the Abyss 1 time.

You collected 4478 gold pieces.
You spent 387 gold pieces at shops.

Inventory:

Hand Weapons
 g - the +2 dire flail "Wooluast" {speed, *Noise rElec rPois rC++}
   (You found it on level 9 of the Dungeon)

   Attacks with this weapon are significantly faster.
   It greatly protects you from cold.
   It insulates you from electricity.
   It protects you from poison.
   It may make noises in combat.
 y - the +0 morningstar of Iconoclasm {venom, rPois rN+ MR+}
   (You acquired it on level 4 of the Lair of Beasts)

   It poisons the flesh of those it strikes.
   It protects you from poison.
   It protects you from negative energy.
   It affects your resistance to hostile enchantments.
 F - the +11 demon whip "Asackaut" (weapon) {freeze, rC+ MP+9}
   (You acquired it on level 1 of the Spider Nest)

   It has been specially enchanted to freeze those struck by it, causing extra
   injury to most foes and up to half again as much damage against particularly
   susceptible opponents.
   It can also slow down cold-blooded creatures.
   It protects you from cold.
   It affects your magic capacity (+9).
Armour
 c - a +0 shield
 e - a +2 hat (worn)
 j - a scarf of resistance (worn)
 k - +3 gold dragon scales (worn)
 n - a +0 pair of boots (worn)
 D - a +1 pair of gloves of strength (worn)
 W - a cursed +0 large shield (worn)
Jewellery
 a - the amulet "Rater" (around neck) {Acrobat Int+2}
   (You took it off a tengu warrior on level 2 of the Depths)

   [amulet of the acrobat]

   It helps you evade while moving and waiting.
   It affects your intelligence (+2).
 d - an uncursed ring of resist corrosion
 p - an uncursed ring of protection from cold
 q - an uncursed ring of ice
 u - a ring of protection from magic (left hand)
 v - an uncursed ring of protection from fire
 B - the ring "Hoceyhaa" {Ice MR+ Int-5 SInv}
   (You took it off a hell knight on level 2 of the Depths)

   [ring of ice]

   It enhances your ice magic.
   It affects your intelligence (-5).
   It makes you vulnerable to fire.
   It protects you from cold.
   It affects your resistance to hostile enchantments.
   It lets you see invisible.
 O - an uncursed amulet of the acrobat
 R - a +5 ring of dexterity
 T - a ring of ice (right hand)
Wands
 J - a wand of paralysis (57)
 P - a wand of digging (1)
 S - a wand of disintegration (3)
 V - a wand of iceblast (7)
 X - a wand of acid (9)
Scrolls
 l - a scroll of brand weapon
 m - 24 scrolls of remove curse
 o - 15 scrolls of teleportation
 t - 11 scrolls of amnesia
 x - a scroll of summoning
 z - 2 scrolls of fear
 A - 6 scrolls of fog
 H - 10 scrolls of identify
 K - 7 scrolls of enchant weapon
 Q - a scroll of blinking
 U - a scroll of silence
Potions
 h - 2 potions of cancellation
 i - 3 potions of invisibility
 r - 3 potions of agility
 s - 8 potions of ambrosia
 w - 5 potions of flight
 C - 4 potions of curing
 E - 5 potions of brilliance
 G - 5 potions of berserk rage
 L - a potion of resistance
 M - 9 potions of lignification
 N - a potion of haste
Comestibles
 f - 51 rations


   Skills:
 + Level 19.6 Fighting
 * Level 20.4 Maces & Flails
 + Level 19.6 Armour
 + Level 18.0 Dodging
 + Level 12.5 Shields
 - Level 19.1 Invocations


You had 21 spell levels left.
You didn't know any spells.
Your spell library contained the following spells:

 Spells                   Type           Power        Failure   Level  Hunger
 Cause Fear               Hex            #.........   100%        4    #####..
 Magic Dart               Conj           #...         100%        1    ##.....
 Apportation              Tloc           #.....       100%        1    ##.....
 Slow                     Hex            #.......     100%        2    ###....
 Confuse                  Hex            #.......     100%        3    ####...
 Invisibility             Hex            #.......     100%        6    #######
 Mephitic Cloud           Conj/Pois/Air  #.......     100%        3    ####...
 Venom Bolt               Conj/Pois      #.........   100%        5    ######.
 Olgreb's Toxic Radiance  Pois           #.......     100%        4    #####..
 Summon Small Mammal      Summ           #...         100%        1    ##.....
 Bolt of Draining         Conj/Necr      #.........   100%        5    ######.
 Lehudib's Crystal Spear  Conj/Erth      #.........   100%        8    #######
 Fire Storm               Conj/Fire      #.........   100%        9    #######
 Iskenderun's Mystic Bla  Conj           #.......     100%        4    #####..
 Summon Horrible Things   Summ           #.........   100%        8    #######
 Animate Dead             Necr           N/A          100%        4    #####..
 Animate Skeleton         Necr           N/A          100%        1    ##.....
 Summon Ice Beast         Ice/Summ       #.......     100%        4    #####..
 Call Imp                 Summ           #.......     100%        2    ###....
 Dispel Undead            Necr           #.......     100%        5    ######.
 Poison Arrow             Conj/Pois      #.........   100%        6    #######
 Sting                    Conj/Pois      #...         100%        1    ##.....
 Sublimation of Blood     Necr           #.........   100%        2    ###....
 Tukima's Dance           Hex            #.......     100%        3    ####...
 Summon Greater Demon     Summ           #.........   100%        7    #######
 Corpse Rot               Necr           N/A          100%        2    ###....
 Recall                   Summ/Tloc      N/A          100%        3    ####...
 Agony                    Necr           #.......     100%        5    ######.
 Spider Form              Tmut/Pois      #.........   100%        3    ####...
 Blade Hands              Tmut           #.........   100%        5    ######.
 Ice Form                 Ice/Tmut       #.......     100%        4    #####..
 Death Channel            Necr           #.........   100%        6    #######
 Glaciate                 Conj/Ice       #.........   100%        9    #######
 Confusing Touch          Hex            #.....       100%        1    ##.....
 Sticks to Snakes         Tmut           #.......     100%        2    ###....
 Call Canine Familiar     Summ           #.......     100%        3    ####...
 Metabolic Englaciation   Hex/Ice        #.........   100%        5    ######.
 Summon Butterflies       Summ           #.......     100%        1    ##.....
 Corona                   Hex            #......      100%        1    ##.....
 Alistair's Intoxication  Tmut/Pois      #.......     100%        5    ######.
 Simulacrum               Ice/Necr       #.........   100%        6    #######
 Chain Lightning          Conj/Air       #.........   100%        8    #######
 Excruciating Wounds      Chrm/Necr      #.........   100%        5    ######.
 Portal Projectile        Hex/Tloc       #.....       100%        3    ####...
 Monstrous Menagerie      Summ           #.........   100%        7    #######
 Petrify                  Tmut/Erth      #.......     100%        4    #####..
 Malign Gateway           Summ/Tloc      #.........   100%        7    #######
 Leda's Liquefaction      Hex/Erth       #.........   100%        4    #####..
 Inner Flame              Hex/Fire       #.......     100%        3    ####...
 Beastly Appendage        Tmut           #.....       100%        1    ##.....
 Fulminant Prism          Conj/Hex       #.........   100%        4    #####..
 Dazzling Spray           Conj/Hex       #.....       100%        3    ####...
 Force Lance              Conj/Tloc      #.......     100%        4    #####..
 Searing Ray              Conj           #.....       100%        2    ###....
 Summon Lightning Spire   Summ/Air       #.......     100%        4    #####..
 Summon Guardian Golem    Hex/Summ       #.......     100%        3    ####...
 Gell's Gravitas          Tloc           #.........   100%        3    ####...
 Yara's Violent Unravell  Hex/Tmut       #.........   100%        5    ######.
 Lesser Beckoning         Tloc           #.........   100%        3    ####...
 Poisonous Vapours        Pois/Air       #.....       100%        2    ###....
 Borgnjor's Vile Clutch   Necr/Erth      #.........   100%        5    ######.


Dungeon Overview and Level Annotations

Branches:
Dungeon (15/15)            Temple (0/1) D:7            Lair (6/6) D:11
 Shoals (4/4) Lair:3       Spider (4/4) Lair:4        Slime (0/5) Lair:5
    Orc (2/2) D:9             Elf (0/3) Orc:2        Vaults (4/5) D:14
  Crypt (0/3) Vaults:3     Depths (3/5) D:15

Altars:
Dithmenos
Elyvilon
Fedhas
Gozag
Hepliaklqana
Makhleb
Qazlal
Sif Muna
Uskayaw
Xom
Yredelemnul
Zin
Beogh
Jiyva

Shops:
D:14 (:!*   Orc:1 (   Orc:2 ?!!}   Shoals:2 (   Shoals:3 **   Vaults:3 *
Vaults:4 }

Portals:
Hell: Depths:1 Depths:2
Pandemonium: Depths:1
Trove: D:11 (give horn of Geryon)

Annotations:
Shoals:3 3 runed doors, exclusion: obsidian statue, Afeo's ghost, journeyman SpVM


Innate Abilities, Weirdness & Mutations

You reflexively headbutt those who attack you in melee.
You have a pair of horns on your head.
You have a somewhat thin skeletal structure. (Dex +2, Stealth)
You have supernaturally acute eyesight. (SInv)
Your body sometimes deteriorates upon taking damage.
[You are very dopey. (Int -4)]
[You do not regenerate when monsters are visible.]
[You are occasionally teleported next to monsters.]


Message History

You feel the corruption within you wane somewhat.
You feel a little more calm.
You feel stable.
Your Dodging skill increases to level 18!
You hear a roar!
You see here a hell hog corpse.
You hear a roar! x2
You recover from your berserk rage.
You hear a roar! x2
A thrashing horror comes into view.
The thrashing horror roars!
You block the thrashing horror's attack.
The thrashing horror misses you.
A thrashing horror comes into view.
You block the thrashing horror's attack. x2
The thrashing horror completely misses you.
You block the thrashing horror's attack.
You completely miss the thrashing horror.
Your headbutt misses the thrashing horror.
The thrashing horror tramples you!
You die...

. ... ... ##.##
. .... . # ...
.
..#####.#######
. # .##∩##..@.#
.#. ##
.#†.#.X##.# .#
#).#.#.#.# # .
. ##..#...#...
.# #
..#.######.X #
..#..#†#.# ## ≈
.##..#.. .
#.#.. #.#. # .
.##.. ..#


You could see a thrashing horror.

Vanquished Creatures
  Mara (Vaults:4)
  A juggernaut (Depths:2)
  2 golden dragons (Depths:2)
  Arachne (Spider:3)
  2 liches (Depths:2)
  Rupert (Lair:5)
  A titan (Shoals:1)
  Polyphemus (Shoals:4)
  Asterion (Vaults:1)
  A shadow dragon (Depths:2)
  3 tentacled starspawn (Abyss:3)
  A kraken (Shoals:3)
  Kirke (D:13)
  4 sphinxes
  Ilsuiw (Shoals:3)
  2 storm dragons
  4 tengu reavers
  8 fire giants
  A deep elf sorcerer (Vaults:3)
  8 vault wardens
  2 ghost moths (Spider:4)
  18 frost giants
  A ghoul (Vaults:2)
  10 ironheart preservers
  11 emperor scorpions
  14 stone giants
  3 vampire knights
  5 starcursed masses (Abyss:3)
  4 entropy weavers
  19 very ugly things
  A deep elf demonologist (Vaults:2)
  A deep elf annihilator (Vaults:4)
  3 spark wasps
  5 merfolk javelineers
  7 ettins
  6 merfolk impalers
  A jiangshi (Vaults:3)
  7 yaktaur captains
  A deep elf high priest (Depths:2)
  A crystal guardian (Vaults:4)
  A fire dragon (Depths:1)
  7 great orbs of eyes
  Harold (D:11)
  11 ogre magi
  Josephine (D:11)
  3 rakshasas
  A spriggan air mage (Depths:2)
  6 hydras
  6 vault guards
  4 ice dragons
  4 merfolk avatars
  12 centaur warriors
  6 merfolk aquamancers
  4 death knights
  A satyr (Shoals:2)
  2 catoblepae
  3 hell hogs (Abyss:3)
  8 death yaks
  30 two-headed ogres
  8 deep troll shamans
  4 tengu warriors
  5 deep troll earth magi
  2 vampire magi
  2 thrashing horrors (Abyss:3)
  2 hell knights (Depths:2)
  7 orc high priests
  A spriggan berserker (Depths:2)
  Urug (D:11)
  A sun demon (Abyss:3)
  8 deep elf knights
  5 wretched stars (Abyss:3)
  12 sea snakes
  5 unseen horrors
  5 skeletal warriors
  A spark wasp zombie (D:15)
  2 wizards
  13 deep trolls
  A lindwurm (shapeshifter) (D:13)
  2 phantasmal warriors
  2 glowing orange brains
  A lindwurm (Lair:5)
  3 flayed ghosts
  An anaconda skeleton (Abyss:3)
  5 deep elf archers
  An orange crystal statue (Depths:1)
  A shambling mangrove (Lair:2)
  7 harpies
  A shadow dragon zombie (Depths:1)
  4 necromancers
  2 orc sorcerers
  10 orc knights
  12 ironbrand convokers
  4 deep elf magi
  A worldbinder (Abyss:3)
  2 moths of wrath (Spider:4)
  38 wolf spiders
  A salamander (shapeshifter) (Depths:1)
  31 orb spiders
  6 fauns (Shoals:2)
  41 ugly things
  2 oklob plants (Spider:1)
  15 slime creatures
  13 manticores
  A tengu skeleton (Depths:1)
  7 merfolk sirens
  6 cyclopes
  A large abomination (Abyss:3)
  Joseph (D:8)
  4 black mambas
  2 guardian serpents (shapeshifter)
  5 water nymphs
  10 vault sentinels
  A moth of wrath (shapeshifter) (Vaults:3)
  2 gargoyles
  The ghost of Amnesiac the Destroyer, a novice DEWz (D:7)
  8 elephants
  4 torpor snails
  12 spiny frogs
  2 smoke demons (Abyss:3)
  A rime drake (shapeshifter) (Depths:2)
  A kobold demonologist (D:14)
  A spriggan zombie (D:15)
  2 rime drakes
  3 centaur skeletons
  7 freezing wraiths
  A hellion (Abyss:3)
  13 demonic crawlers
  An efreet (D:13)
  30 yaktaurs
  4 tengu conjurers
  6 komodo dragons
  2 spriggan skeletons (Depths:1)
  An ancient zyme (Abyss:3)
  An ice devil (Depths:1)
  2 guardian mummies (D:15)
  A jumping spider (shapeshifter) (Vaults:4)
  23 merfolk
  2 trolls
  46 jumping spiders
  A polar bear (Lair:5)
  6 meliai
  7 hornets
  7 blink frogs
  11 hippogriffs
  An ice dragon zombie (D:15)
  4 wind drakes
  A fire dragon zombie (D:15)
  A fire giant simulacrum (Depths:1)
  4 snapping turtles
  22 dream sheep
  An ettin skeleton (Depths:1)
  75 redbacks
  2 shadows
  A vampire (D:14)
  11 wraiths
  2 tarantellas (shapeshifter)
  18 water elementals
  2 wyverns
  A human (D:9)
  28 tarantellas
  A fire bat (shapeshifter) (Vaults:4)
  A golden eye (shapeshifter) (Vaults:2)
  4 basilisks
  3 hogs
  46 yaks
  3 hungry ghosts
  A yaktaur simulacrum (Depths:1)
  8 vampire mosquitoes
  A steam dragon (D:11)
  3 wargs
  2 acid dragons
  A human zombie (Depths:1)
  2 soldier ants
  15 water moccasins
  A floating eye (Depths:2)
  17 porcupines
  Duvessa (D:6)
  A floating eye (shapeshifter) (Depths:2)
  A porcupine (shapeshifter) (Vaults:4)
  40 orc warriors
  6 sky beasts
  4 black bears
  An eye of draining (shapeshifter) (Vaults:3)
  3 ice beasts
  3 phantoms
  33 ogres
  9 boggarts
  23 centaurs
  12 wolves
  19 crocodiles
  3 big kobolds (D:14)
  5 bullfrogs
  A glowing shapeshifter simulacrum (Depths:1)
  Dowan (D:6)
  6 scorpions
  4 killer bees (D:11)
  8 wights
  5 electric eels
  8 howler monkeys
  12 crimson imps
  3 bullfrog zombies
  4 centaur zombies
  10 hounds
  23 orc wizards
  4 jellies
  39 orc priests
  2 bullfrog skeletons
  17 worker ants
  4 iguanas
  A hound zombie (D:5)
  2 worker ant zombies
  17 gnolls
  11 adders
  4 shadow imps
  An ooze (D:1)
  2 adder zombies
  An adder skeleton (D:7)
  4 worms
  2 dart slugs
  9 leopard geckos
  107 orcs
  A ball python (D:1)
  8 bats
  6 giant cockroaches
  8 goblins
  6 hobgoblins
  14 jackals
  5 quokkas
  4 frilled lizards
  12 kobolds
  A leopard gecko skeleton (D:4)
  2 quokka skeletons
  14 rats
  A bush (Lair:2)
  3 butterflies (Lair:2)
  3 fungi (D:3)
  A lurking horror (Abyss:3)
  A pillar of salt (Vaults:1)
  9 plants (Shoals:3)
  2 starspawn tentacles (Abyss:3)
  4 tentacles (Shoals:3)
1678 creatures vanquished.

Vanquished Creatures (collateral kills)
  A death knight (D:15)
1 creature vanquished.

Vanquished Creatures (others)
  A hell hog (Abyss:3)
  A centaur skeleton (D:15)
  A merfolk (Shoals:4)
  3 humans
  An orc (D:7)
  6 bushes (D:9)
  5 fungi
  13 plants
  3 starspawn tentacles (Abyss:3)
  5 tentacles (Shoals:3)
  A withered plant (D:15)
40 creatures vanquished.

Grand Total: 1719 creatures vanquished

Notes
Turn   | Place    | Note
-------+----------+-------------------------------------------
     0 | D:1      | kae the Minotaur Fighter began the quest for the Orb.
     0 | D:1      | Reached XP level 1. HP: 19/19 MP: 0/0
   205 | D:1      | Reached XP level 2. HP: 27/27 MP: 1/1
   271 | D:1      | Reached skill level 3 in Maces & Flails
   351 | D:1      | Reached XP level 3. HP: 32/33 MP: 2/2
   493 | D:1      | Reached skill level 1 in Dodging
   905 | D:2      | Reached XP level 4. HP: 40/40 MP: 3/3
  1629 | D:3      | Reached skill level 4 in Maces & Flails
  2431 | D:4      | Reached XP level 5. HP: 35/47 MP: 4/4
  2764 | D:4      | Noticed a phantom
  2775 | D:4      | Reached XP level 6. HP: 49/53 MP: 5/5
  2799 | D:4      | Reached skill level 5 in Maces & Flails
  3113 | D:4      | Found an opulent altar of Gozag.
  3114 | D:4      | Found a blossoming altar of Fedhas.
  3115 | D:4      | Found a glowing silver altar of Zin.
  3115 | D:4      | Found a basalt altar of Yredelemnul.
  3115 | D:4      | Found a white marble altar of Elyvilon.
  3117 | D:4      | Found a stormy altar of Qazlal.
  3117 | D:4      | Found a hide-covered altar of Uskayaw.
  3140 | D:4      | Became a worshipper of Qazlal Stormbringer
  3157 | D:4      | Reached skill level 5 in Shields
  3163 | D:4      | Reached skill level 5 in Armour
  3189 | D:4      | Reached skill level 5 in Fighting
  3303 | D:4      | Found a burning altar of Makhleb.
  3303 | D:4      | Found a shimmering altar of Xom.
  3387 | D:4      | Reached XP level 7. HP: 61/61 MP: 6/6
  3481 | D:5      | Entered Level 5 of the Dungeon
  3506 | D:5      | Found a deep blue altar of Sif Muna.
  3552 | D:5      | Reached skill level 1 in Invocations
  3649 | D:5      | Reached skill level 6 in Maces & Flails
  4028 | D:5      | Reached * piety under Qazlal
  4143 | D:5      | Reached XP level 8. HP: 68/70 MP: 8/8
  4269 | D:6      | Noticed Duvessa
  4269 | D:6      | Noticed Dowan
  4284 | D:6      | Killed Duvessa
  4286 | D:6      | Reached skill level 7 in Maces & Flails
  4301 | D:6      | Killed Dowan
  4467 | D:6      | Found a blossoming altar of Fedhas.
  4502 | D:6      | Found a hazy altar of Hepliaklqana.
  5442 | D:7      | Found a staircase to the Ecumenical Temple.
  5477 | D:7      | Reached skill level 8 in Maces & Flails
  5540 | D:7      | Found a runed gate.
  5541 | D:7      | Found a runed gate.
  5542 | D:7      | Found a runed gate.
  5544 | D:7      | Noticed Amnesiac's ghost (novice DEWz)
  5807 | D:7      | Found a roughly hewn altar of Beogh.
  5825 | D:7      | Gained mutation: Your body sometimes deteriorates upon taking damage. [potion of mutation]
  5825 | D:7      | Gained mutation: You have supernaturally acute eyesight. (SInv) [potion of mutation]
  5825 | D:7      | Gained mutation: You have a somewhat thin skeletal structure. (Dex +2, Stealth) [potion of mutation]
  5849 | D:7      | Reached XP level 9. HP: 49/78 MP: 10/10
  5863 | D:7      | Killed Amnesiac's ghost
  5866 | D:7      | Reached skill level 5 in Dodging
  6240 | D:8      | Reached skill level 9 in Maces & Flails
  6526 | D:8      | Noticed Joseph
  6534 | D:8      | Reached ** piety under Qazlal
  6550 | D:8      | Killed Joseph
  6959 | D:9      | Reached XP level 10. HP: 86/86 MP: 12/12
  7043 | D:9      | Found a shadowy altar of Dithmenos.
  7360 | D:9      | Noticed a cyclops
  7377 | D:9      | Reached skill level 10 in Maces & Flails
  7388 | D:9      | Killed a cyclops
  7514 | D:9      | Found a staircase to the Orcish Mines.
  7531 | D:9      | Reached skill level 5 in Invocations
  7863 | D:10     | Entered Level 10 of the Dungeon
  7903 | D:10     | Reached *** piety under Qazlal
  7974 | D:9      | Got a crystal dire flail
  7980 | D:9      | Identified the +2 dire flail "Wooluast" {speed, *Noise rElec rPois rC++} (You found it on level 9 of the Dungeon)
  8109 | D:10     | Noticed an unseen horror
  8115 | D:10     | Killed an unseen horror
  8126 | D:10     | Reached skill level 11 in Maces & Flails
  8217 | D:10     | Noticed a gargoyle
  8223 | D:10     | Killed a gargoyle
  8330 | D:10     | Noticed a two-headed ogre
  8344 | D:10     | Killed a two-headed ogre
  8344 | D:10     | Reached skill level 12 in Maces & Flails
  8344 | D:10     | Reached XP level 11. HP: 63/95 MP: 14/14
  9317 | D:11     | Found a staircase to the Lair.
  9335 | D:11     | Reached skill level 13 in Maces & Flails
  9456 | D:11     | Noticed an unseen horror
  9461 | D:11     | Killed an unseen horror
  9474 | D:11     | Reached **** piety under Qazlal
  9590 | D:11     | Noticed Josephine
  9602 | D:11     | Killed Josephine
  9602 | D:11     | Reached skill level 14 in Maces & Flails
  9974 | D:11     | Found a portal to a secret trove of treasure.
 10006 | D:11     | Noticed Harold
 10026 | D:11     | Killed Harold
 10706 | D:11     | Noticed Urug
 11187 | D:11     | Killed Urug
 11635 | Lair:1   | Entered Level 1 of the Lair of Beasts
 12032 | Lair:1   | Reached XP level 12. HP: 91/103 MP: 17/17
 12055 | Lair:1   | Noticed an eight-headed hydra
 12284 | Orc:1    | Entered Level 1 of the Orcish Mines
 12285 | Orc:1    | Noticed an orc high priest
 12289 | Orc:1    | Noticed an orc high priest
 12752 | D:9      | Killed an orc high priest
 12752 | D:9      | Reached skill level 10 in Invocations
 12806 | Orc:1    | Found Wociullu's Antique Weapon Shoppe.
 12920 | Orc:1    | Killed an orc high priest
 14942 | Lair:2   | Killed an eight-headed hydra
 15318 | Lair:2   | Noticed an eight-headed hydra
 15322 | Lair:2   | Killed an eight-headed hydra
 15898 | Lair:3   | Reached XP level 13. HP: 97/110 MP: 21/21
 16434 | Lair:3   | Found a staircase to the Shoals.
 16932 | Lair:4   | Found a hole to the Spider Nest.
 17178 | Lair:4   | Reached skill level 10 in Armour
 17400 | Lair:4   | Identified a scroll of acquirement
 17401 | Lair:4   | Got a warped morningstar
 17403 | Lair:4   | Identified the +0 morningstar of Iconoclasm {venom, rPois rN+ MR+} (You acquired it on level 4 of the Lair of Beasts)
 17436 | Lair:5   | Reached skill level 10 in Fighting
 17478 | Lair:5   | Noticed Rupert
 17930 | Lair:5   | Paralysed by Rupert for 3 turns
 17955 | Lair:5   | Killed Rupert
 18267 | Lair:5   | Found a viscous altar of Jiyva.
 18267 | Lair:5   | Found a staircase to the Slime Pits.
 18385 | Lair:6   | Entered Level 6 of the Lair of Beasts
 19355 | Lair:6   | Reached skill level 10 in Dodging
 19602 | Lair:6   | Reached XP level 14. HP: 114/124 MP: 22/22
 20891 | D:12     | Reached ***** piety under Qazlal
 21358 | D:12     | Reached skill level 15 in Maces & Flails
 21474 | D:13     | Noticed Kirke
 21480 | D:13     | Noticed a sphinx
 21485 | D:13     | Paralysed by a sphinx for 4 turns
 21508 | D:13     | Killed Kirke
 21962 | D:13     | Noticed a tengu reaver
 21979 | D:13     | Killed a tengu reaver
 23167 | Orc:2    | Entered Level 2 of the Orcish Mines
 23190 | Orc:1    | Reached ****** piety under Qazlal
 23623 | Orc:2    | Reached skill level 16 in Maces & Flails
 23862 | Orc:2    | Reached XP level 15. HP: 101/134 MP: 23/23
 23907 | Orc:2    | Found a roughly hewn altar of Beogh.
 24391 | Orc:2    | Found a staircase to the Elven Halls.
 24488 | Orc:2    | HP: 6/134 [orc knight/great sword of slicing (6)]
 25014 | Orc:2    | Found Perydusm's Distillery.
 25017 | Orc:2    | Found Bailil's Distillery.
 25018 | Orc:2    | Found Elen's Magic Scroll Shoppe.
 25019 | Orc:2    | Found Umuga's Gadget Shoppe.
 25022 | Orc:2    | Bought a scroll of identify for 26 gold pieces
 25022 | Orc:2    | Bought 2 scrolls of identify for 52 gold pieces
 25023 | Orc:2    | Bought a potion of lignification for 48 gold pieces
 25026 | Orc:2    | Bought a potion of lignification for 51 gold pieces
 25026 | Orc:2    | Bought a potion of berserk rage for 85 gold pieces
 25318 | D:14     | Found Oxuapn's Weapon Shoppe.
 25335 | D:14     | Found Coebb's Distillery.
 25341 | D:14     | Bought a potion of heal wounds for 80 gold pieces
 25660 | D:14     | Found a gate to the Vaults.
 25714 | D:14     | Found Zoun's Book Emporium.
 26054 | D:14     | Found Larphi Hele's Assorted Antiques.
 26313 | D:15     | Entered Level 15 of the Dungeon
 26360 | D:15     | Reached skill level 17 in Maces & Flails
 26858 | D:15     | Found a staircase to the Depths.
 27223 | D:15     | Found a white marble altar of Elyvilon.
 27776 | Spider:1 | Entered Level 1 of the Spider Nest
 28401 | Spider:1 | Reached XP level 16. HP: 82/145 MP: 24/24
 29351 | Spider:1 | Reached skill level 18 in Maces & Flails
 30285 | Spider:1 | Got a dazzling demon whip
 30286 | Spider:1 | Identified the +11 demon whip "Asackaut" {freeze, rC+ MP+9} (You acquired it on level 1 of the Spider Nest)
 31654 | Spider:2 | You fall through a shaft!
 32672 | Spider:3 | Reached skill level 19 in Maces & Flails
 32942 | Spider:3 | Noticed Arachne
 32955 | Spider:3 | Killed Arachne
 33082 | Spider:3 | Reached skill level 15 in Armour
 33084 | Spider:3 | Reached skill level 15 in Fighting
 33547 | Spider:4 | Entered Level 4 of the Spider Nest
 33673 | Spider:4 | Reached XP level 17. HP: 30/156 MP: 25/25
 35197 | Spider:4 | Reached skill level 20 in Maces & Flails
 35472 | Spider:4 | Got a gossamer rune of Zot
 35802 | Lair:3   | You fall through a shaft for 2 floors!
 35843 | Shoals:1 | Entered Level 1 of the Shoals
 35987 | Shoals:1 | Noticed a titan
 35996 | Shoals:1 | Killed a titan
 38604 | Shoals:2 | Found Alol's Weapon Shop.
 38701 | Shoals:3 | Reached XP level 18. HP: 166/166 MP: 27/27
 38744 | Shoals:3 | Noticed Ilsuiw
 39584 | Shoals:3 | Killed Ilsuiw
 40084 | Shoals:3 | Found a runed gate.
 40085 | Shoals:3 | Found an opulent altar of Gozag.
 40085 | Shoals:3 | Found Gutuj's Assorted Antiques.
 40085 | Shoals:3 | Noticed Afeo's ghost (journeyman SpVM)
 40086 | Shoals:3 | Found a runed gate.
 40086 | Shoals:3 | Found a runed gate.
 40087 | Shoals:3 | Found Wamerr's Assorted Antiques.
 40286 | Shoals:4 | Entered Level 4 of the Shoals
 40623 | Shoals:4 | Noticed Polyphemus
 41452 | Shoals:3 | Reached skill level 15 in Dodging
 42090 | Shoals:4 | Killed Polyphemus
 42508 | Shoals:4 | Got a barnacled rune of Zot
 42921 | Vaults:1 | Entered Level 1 of the Vaults
 42921 | Vaults:1 | Noticed Asterion
 42930 | Vaults:1 | Killed Asterion
 43051 | Vaults:1 | Found a ruined gateway.
 43177 | Vaults:1 | Reached skill level 15 in Invocations
 44027 | Vaults:2 | Reached XP level 19. HP: 117/177 MP: 29/29
 46396 | Vaults:3 | Found a staircase to the Crypt.
 46782 | Vaults:3 | Found Puoseops's General Store.
 46803 | Vaults:3 | Bought a scroll of magic mapping for 45 gold pieces
 47463 | Vaults:4 | Reached XP level 20. HP: 187/187 MP: 31/31
 47562 | Vaults:4 | Noticed Mara
 47562 | Vaults:4 | Noticed Mara
 47562 | Vaults:4 | Noticed Mara
 47563 | Vaults:4 | Noticed kae's illusion
 47938 | Vaults:4 | Noticed kae's illusion
 47950 | Vaults:4 | Killed Mara
 48031 | Vaults:4 | Found Guuguf's Gadget Emporium.
 48988 | Vaults:4 | Reached skill level 10 in Shields
 49324 | Depths:1 | Entered Level 1 of the Depths
 50114 | Depths:1 | Found a one-way gate leading to the halls of Pandemonium.
 50134 | Depths:1 | Reached XP level 21. HP: 195/195 MP: 33/33
 50400 | Depths:1 | Found a gateway to Hell.
 51256 | Depths:2 | Found a deep blue altar of Sif Muna.
 51257 | Depths:2 | Found a white marble altar of Elyvilon.
 51257 | Depths:2 | Found a deep blue altar of Sif Muna.
 51938 | Depths:2 | Got a scintillating tin amulet
 51971 | Depths:2 | Noticed a golden dragon
 51986 | Depths:2 | Killed a golden dragon
 51986 | Depths:2 | Noticed a golden dragon
 51992 | Depths:2 | Noticed a juggernaut
 52722 | Depths:2 | Killed a juggernaut
 52778 | Depths:2 | Killed a golden dragon
 52951 | Depths:2 | Got a translucent brass ring
 53108 | Depths:2 | Reached XP level 22. HP: 192/206 MP: 34/34
 53206 | Depths:3 | Identified the amulet "Rater" {Acrobat Int+2} (You took it off a tengu warrior on level 2 of the Depths)
 53207 | Depths:3 | Identified the ring "Hoceyhaa" {Ice MR+ Int-5 SInv} (You took it off a hell knight on level 2 of the Depths)
 53254 | Depths:3 | Cast into level 3 of the Abyss (a lich)
 53377 | Abyss:3  | HP: 1/164 [smoke demon/divine providence (17)]
 53403 | Abyss:3  | HP: 8/206 [hell hog/fireball (9)]
 53410 | Abyss:3  | Slain by a thrashing horror

Vault maps used:
D:1:      dpeg_arrival_simpleton_b, minivault_4, st_stairs_10,
          serial_bayou_pond_e
D:3:      minmay_gold_behind_fungi
D:4:      grunt_temple_overflow_champion_of_chaos, grunt_temple_overflow_open
D:5:      kennysheep_little_box, first_ration
D:6:      kennysheep_mini, minivault_4, fedhas_altar_1, uniq_duvessa
D:7:      minmay_temple_entry_mist, biasface_ghost_orc_armoury
D:8:      uniq_joseph
D:9:      orc_0_dummy, grunt_livestock, hex_medium, minmay_hedge_maze,
          minmay_parallelograms, grunt_dithmenos_smoke
D:10:     minmay_misc_feat_diagonals, serial_bayou_lagoon_a
D:11:     lair_entry_dummy, enter_trove_0, uniq_josephine, uniq_harold,
          uniq_urug
D:12:     eino_tiny_chamber
D:13:     minmay_octo_star, uniq_kirke
D:14:     hangedman_vaults_entry_quadrant_bands, serial_shops, shop_statue,
          shop, shop, shop, roderic_lattice_a
D:15:     gammafunk_depths_entry_grave, lemuel_coloured_pillars_altar,
          hangedman_decor_growths
Lair:1:   beast_lair_carwin_1, serial_bayou_shore_b
Lair:2:   minmay_lair_oklob_items, wad_woods_road_06, minivault_25,
          lemuel_fruit_fields
Lair:3:   minmay_shoals_entry_centaurs, serial_bayou_shore_b,
          grunt_megastairs_2, serial_bayou_shore_a
Lair:4:   nicolae_spider_entry_non_spiders
Lair:5:   dpeg_slime_entry_enclosed_altar, uniq_rupert
Lair:6:   grunt_lair_end_beastmaster, infiniplex_staircase_pool
Shoals:1: cheibrodos_shoals_gigantism
Shoals:2: serial_shops, nicolae_shop_window_shopping
Shoals:3: ebering_ghost_gozag, uniq_ilsuiw
Shoals:4: shoals_end_grunt_ice, uniq_polyphemus
Spider:1: spider_temple_joshua, nicolae_spider_webs_and_nodes
Spider:2: cheibrodos_forgotten_conduit
Spider:3: uniq_arachne
Spider:4: grunt_spider_rune_circles
Orc:1:    serial_shops, nicolae_shop_competitors_out_of_business, mines2_lemuel
Orc:2:    st_orc_pillars, mines2_david
Vaults:1: nicolae_vaults_angled_halls, vaults_room_pools, v_misc_22,
          hangedman_vaults_maws, nicolae_vaults_little_squares_2,
          hangedman_vaults_hat, v_misc_13, nicolae_vaults_little_squares_3,
          ontoclasm_vaults_fault, v_pattern_1, vaults_dpeg_hooks,
          portal_desolation_entry_garden, uniq_asterion
Vaults:2: v_pattern_4, nicolae_vaults_triangles, ontoclasm_vaults_chip,
          hangedman_vaults_slither, hangedman_vaults_corner_blocks,
          nicolae_vaults_sealed_display, nicolae_vaults_specimen_jars,
          vaults_room_pools
Vaults:3: ontoclasm_vaults_loading_screen, minmay_crypt_entry_simple_round,
          nicolae_vaults_quartermaster, nicolae_vaults_little_squares_6,
          vaults_room_semicircle, v_misc_15, v_misc_8, nicolae_vaults_little_ls,
          nicolae_vaults_little_squares_3, vaults_room_corners,
          vaults_room_fours, nicolae_vaults_little_squares_3, serial_shops, shop
Vaults:4: vaults_mumra_hexcomb, vaults_dpeg_ring, v_misc_28,
          nicolae_vaults_little_squares_1, vaults_standard_mumra_lines,
          v_rooms_5, ontoclasm_vaults_ring_large,
          hangedman_vaults_stretched_pinwheel, ontoclasm_vaults_pinch,
          hangedman_vaults_restitches, v_alt_pattern_1, grunt_vaults_focal,
          ontoclasm_vaults_chip, nicolae_vaults_display_case, serial_shops,
          nicolae_shop_window_shopping, uniq_mara
Depths:1: hangedman_decor_peaks_small, pan_entry, hangedman_coc_ice_floe,
          minmay_misc_feat_roman, st_stairs_9, fountainhead,
          minmay_protected_statue
Depths:2: hangedman_slaughterboxes, hell_entry
Depths:3: grunt_twisty_corner, lemuel_statue_altar, grunt_pan_entry_in_and_out,
          hell_entry, minmay_misc_feat_five
Abyss:3:  evilmike_abyss_exit_13, minivault_11, nicolae_abyss_rune_star_stuff

Skill      XL: |  1  2  3  4  5  6  7  8  9 10 11 12 13 14 15 16 17 18 19 20 21 22 |
---------------+-------------------------------------------------------------------+-----
Maces & Flails | 3 4 5 6 8 9 12 14 16 17 19 20 | 20.4
Shields        | 4 5 6 7 8 10 12 | 12.5
Dodging        | 1 2 3 4 5 6 7 10 11 12 13 14 15 16 17 18 | 18.0
Fighting       | 4 5 6 7 8 11 12 14 15 16 17 18 19 | 19.6
Armour         | 4 5 6 7 8 11 12 13 15 16 17 18 19 | 19.6
Invocations    | 2 3 4 5 9 13 15 16 18 19 | 19.1

Action                   |  1- 3 |  4- 6 |  7- 9 | 10-12 | 13-15 | 16-18 | 19-21 | 22-24 || total
-------------------------+-------+-------+-------+-------+-------+-------+-------+-------++-------
Melee: Flail             |   107 |   191 |   331 |   146 |       |       |       |       ||   775
       Headbutt          |    11 |    39 |    59 |   180 |   425 |   431 |   533 |    31 ||  1709
       Dire flail        |       |       |       |   621 |   156 |       |       |       ||   777
       Morningstar       |       |       |       |       |  1255 |   101 |       |       ||  1356
       Demon whip        |       |       |       |       |       |  1322 |  1471 |   104 ||  2897
Invok: Upheaval          |       |       |       |    14 |     5 |    23 |     1 |       ||    43
       Elemental Force   |       |       |       |       |     2 |       |     1 |       ||     3
       Disaster Area     |       |       |       |       |       |       |       |     2 ||     2
Evoke: Wand              |       |       |       |     9 |     6 |    19 |     3 |       ||    37
  Use: Scroll            |       |       |    11 |    11 |     4 |    18 |     3 |     6 ||    53
       Potion            |       |       |     6 |     4 |     4 |     6 |       |     4 ||    24
 Stab: Invisible         |       |       |     5 |       |       |       |       |       ||     5
       Petrified         |       |       |       |       |     9 |       |       |       ||     9
       Distracted        |       |       |       |       |     1 |     1 |       |       ||     2
       Petrifying        |       |       |       |       |       |     1 |       |       ||     1
  Eat: Chunk             |       |     8 |    12 |    25 |    26 |    14 |    21 |     1 ||   107
       Ration            |       |       |     1 |     1 |     4 |    11 |     3 |       ||    20
Armor: Scale mail        |    67 |    63 |    81 |    81 |       |       |       |       ||   292
       Plate armour      |       |       |       |    48 |   423 |   460 |   192 |       ||  1123
       Gold dragon scale |       |       |       |       |       |       |     3 |    14 ||    17
Dodge: Dodged            |    41 |    54 |    99 |   205 |   363 |   506 |   252 |    16 ||  1536
       Deflected         |       |       |       |     3 |     4 |    79 |    17 |     3 ||   106
Block: Shield            |    56 |    77 |   146 |    78 |   976 |  1290 |   238 |       ||  2861
       Other             |       |       |       |    57 |    17 |       |       |       ||    74
       Large shield      |       |       |       |       |       |       |   752 |    64 ||   816

Table legend:
 A = Spawn XP
 B = Non-spawn XP
 C = Spawn XP percentage of total XP
 D = Spawn monster count
 E = Non-spawn monster count
 F = Spawn count percentage of total count
 G = Total turns spent on level
                    A         B        C        D         E        F      G
               +---------+---------+-------+---------+---------+-------+---------
         Total |   10832 |  723190 |   1.5 |      16 |    1641 |   1.0 | 53410
               +---------+---------+-------+---------+---------+-------+---------
           D:1 |       0 |      79 |   0.0 |       0 |      37 |   0.0 |   806
           D:2 |       0 |      71 |   0.0 |       0 |      20 |   0.0 |   797
           D:3 |       0 |      42 |   0.0 |       0 |      15 |   0.0 |   808
           D:4 |       0 |     545 |   0.0 |       0 |      19 |   0.0 |  1070
           D:5 |       0 |     714 |   0.0 |       0 |      25 |   0.0 |   741
           D:6 |       0 |     588 |   0.0 |       0 |      15 |   0.0 |   829
           D:7 |       0 |    1616 |   0.0 |       0 |      26 |   0.0 |  1037
           D:8 |       0 |    1705 |   0.0 |       0 |      26 |   0.0 |   834
           D:9 |       0 |    4772 |   0.0 |       0 |      48 |   0.0 |  2095
          D:10 |       0 |    4188 |   0.0 |       0 |      27 |   0.0 |  1675
          D:11 |       0 |    9374 |   0.0 |       0 |      69 |   0.0 |  2728
          D:12 |       0 |    5835 |   0.0 |       0 |      32 |   0.0 |   699
          D:13 |       0 |   20669 |   0.0 |       0 |      65 |   0.0 |  1651
          D:14 |       0 |   14082 |   0.0 |       0 |      37 |   0.0 |  1153
          D:15 |       0 |   12735 |   0.0 |       0 |      29 |   0.0 |  1298
        Lair:1 |       0 |    4727 |   0.0 |       0 |      25 |   0.0 |   828
        Lair:2 |       0 |    6956 |   0.0 |       0 |      25 |   0.0 |  1325
        Lair:3 |       0 |    5334 |   0.0 |       0 |      23 |   0.0 |  1120
        Lair:4 |       0 |    5092 |   0.0 |       0 |      23 |   0.0 |  1252
        Lair:5 |       0 |   10977 |   0.0 |       0 |      30 |   0.0 |  1542
        Lair:6 |       0 |   17017 |   0.0 |       0 |      50 |   0.0 |  1627
      Shoals:1 |       0 |   21026 |   0.0 |       0 |      32 |   0.0 |  2063
      Shoals:2 |       0 |   13215 |   0.0 |       0 |      30 |   0.0 |  1261
      Shoals:3 |       0 |   26990 |   0.0 |       0 |      40 |   0.0 |  2392
      Shoals:4 |       0 |   21991 |   0.0 |       0 |      36 |   0.0 |  1230
      Spider:1 |       0 |   28455 |   0.0 |       0 |      66 |   0.0 |  2826
      Spider:2 |       0 |   24944 |   0.0 |       0 |      61 |   0.0 |  1450
      Spider:3 |       0 |   15201 |   0.0 |       0 |      35 |   0.0 |  1153
      Spider:4 |       0 |   44911 |   0.0 |       0 |      95 |   0.0 |  2112
         Orc:1 |       0 |    1689 |   0.0 |       0 |      24 |   0.0 |   883
         Orc:2 |       0 |   13034 |   0.0 |       0 |     101 |   0.0 |  1693
      Vaults:1 |       0 |   34330 |   0.0 |       0 |      54 |   0.0 |  1067
      Vaults:2 |       0 |   38868 |   0.0 |       0 |      52 |   0.0 |  1573
      Vaults:3 |       0 |   49468 |   0.0 |       0 |      77 |   0.0 |  2193
      Vaults:4 |       0 |   90544 |   0.0 |       0 |     110 |   0.0 |  1513
      Depths:1 |       0 |   39104 |   0.0 |       0 |      61 |   0.0 |  1750
      Depths:2 |       0 |  116749 |   0.0 |       0 |      86 |   0.0 |  2128
      Depths:3 |       0 |    3722 |   0.0 |       0 |       3 |   0.0 |    52
       Abyss:3 |   10832 |   11831 |  47.8 |      16 |      12 |  57.1 |   156
               +---------+---------+-------+---------+---------+-------+---------
